 Dungeon Crawl Stone Soup version 0.31-a0-369-g8eba5f6939 (webtiles) character file.

Game seed: 15092092527453953581

2559 floatRand the Grappler (level 9, -2/64 HPs)
             Began as a Pale Draconian Shapeshifter on July 28, 2023.
             Was an Initiate of Wu Jian.
             Slain by an orc warrior
             ... wielding a +0 scimitar
              (10 damage)
             ... on level 8 of the Dungeon.
             The game lasted 00:08:29 (6557 turns).

floatRand the Grappler (DrSh)                       Turns: 6557, Time: 00:08:29

Health: -2/64      AC:  7    Str: 18    XL:     9   Next: 31%
Magic:  9/9        EV: 13    Int:  9    God:    Wu Jian [......]
Gold:   227        SH:  6    Dex: 15    Spells: 8/8 levels left

rFire   . .          .
                       - Unarmed
rCold   . . .        m - +2 buckler
rNeg    . . .        (body armour unavailable)
rPois   .            (helmet currently unavailable)
rElec   .            (cloak currently unavailable)
rCorr   .            (gloves currently unavailable)
SInv    .            (boots currently unavailable)
Will    .....        (no amulet)
Stlth   +++          (no ring)
HPRegen 0.30/turn    (no ring)
MPRegen 0.11/turn

%: no passive effects
@: short of breath, beast-form
A: beast (slay +4), breathe steam, AC +7, unfitting armour, cold-blooded, steam
resistance
a: Breathe Steam, Begin Untransformation, Renounce Religion


You were on level 8 of the Dungeon.
You worshipped Wu Jian.
Wu Jian was noncommittal.
You were a hulking beast.
You visited 2 branches of the dungeon, and saw 9 of its levels.

You collected 257 gold pieces.
You spent 30 gold pieces at shops.

Inventory:

Armour
 m - a +2 buckler (worn)
 r - a +1 cloak
Talismans
 b - a beast talisman
Wands
 q - a wand of flame (29)
Scrolls
 a - a scroll of fear
 c - a scroll of enchant weapon
 d - 2 scrolls of vulnerability
 h - 2 scrolls of revelation
 k - 4 scrolls of teleportation
 u - a scroll of immolation
Potions
 e - 2 potions of berserk rage
 f - 5 potions of curing
 g - 2 potions of brilliance
 j - a potion of heal wounds
 n - 3 potions of attraction
 o - 2 potions of mutation {unknown}
 s - a potion of lignification
 t - 2 potions of enlightenment {unknown}
 v - a potion of might {unknown}
 w - a potion of magic {unknown}


   Skills:
 - Level 1.1 Fighting
 + Level 4.1 Dodging
 + Level 3.8 Stealth
 * Level 9.7 Unarmed Combat
 + Level 6.2 Shapeshifting


You had 8 spell levels left.
You didn't know any spells.
Your spell library contained the following spells:

 Spells                   Type           Power      Damage    Failure   Level
 Apportation              Tloc           0%         N/A       47%         1
 Magic Dart               Conj           0%         1d3       47%         1
 Necrotise                Necr           0%         1d4       47%         1
 Summon Small Mammal      Summ           0%         N/A       47%         1
 Searing Ray              Conj           0%         2d4       63%         2
 Sublimation of Blood     Necr           0%         N/A       63%         2
 Fulminant Prism          Conj/Hex       0%         3d5       99%         4
 Petrify                  Tmut/Erth      0%         N/A       99%         4
 Irradiate                Conj/Tmut      0%         3d11      100%        5


Dungeon Overview and Level Annotations

Branches:
Dungeon (8/15)             Temple (1/1) D:6
   Lair: D:8-11

Altars:
Ashenzari
Cheibriados
Dithmenos
Elyvilon
Fedhas
Gozag
Hepliaklqana
Kikubaaqudgha
Makhleb
Nemelex Xobeh
Okawaru
Qazlal
Ru
Sif Muna
Trog
Uskayaw
Vehumet
Wu Jian
Xom
Yredelemnul
Zin
The Shining One

Shops:
D:3 [   D:7 *


Innate Abilities, Weirdness & Mutations

You are a hulking beast.
Your limbs bulge with bestial killing power. (Slay +4)
You can breathe blasts of scalding, opaque steam.
Your pale cyan-grey scales are hard. (AC +7)
You cannot fit into any form of body armour.
You are cold-blooded and may be slowed by cold attacks.
You are immune to the effects of steam.


Message History

The orc priest is severely wounded.
The orc priest completely misses you. The orc warrior closely misses you.
Unknown command.
You punch the orc priest!
You kill the orc priest!
The Council accepts your kill. The orc warrior closely misses you.
Unknown command.
You punch the orc warrior!
The orc warrior is moderately wounded.
The orc warrior misses you.
Unknown command.
You hit the orc warrior.
The orc warrior is heavily wounded.
Aiming: Breathe Steam (1% risk of failure)
Press: ? - help, Shift-Dir - straight line, f - orc warrior
Aim: an orc warrior, wielding a +0 scimitar and wearing a +0 chain mail (heavily wounded, 68% to hit)
You exhale a blast of scalding steam.
The ball of steam hits the orc warrior but does no damage.
The orc warrior is heavily wounded.
The orc warrior is engulfed in a cloud of scalding steam.
The orc warrior hits you with a +0 scimitar!
Unknown command.
You barely miss the orc warrior.
The orc warrior is heavily wounded.
The orc warrior closely misses you.
You hit the orc warrior.
The orc warrior is heavily wounded.
The orc warrior hits you with a +0 scimitar!
You hit the orc warrior but do no damage.
The orc warrior is heavily wounded.
The orc warrior misses you.
You closely miss the orc warrior.
The orc warrior is heavily wounded.
The orc warrior hits you with a +0 scimitar!
* * * LOW HITPOINT WARNING * * *
You closely miss the orc warrior.
Your tail-slap misses the orc warrior.
The orc warrior is heavily wounded.
The orc warrior hits you with a +0 scimitar!
You die...

#..........#
#...§§§....#
#..§§......##
#...........#
.#####.....§<....# ..
.................##
...
#..###............#
.... #
#........o)#..#....
#.........h##.o.o..
............##......
##.###............o..
#. #######.........
#. #.........
#......... ..#.......
#..........
..###......


You could see an orc warrior.

Vanquished Creatures
  Sigmund (D:3)
  Edmund (D:5)
  Duvessa (D:7)
  3 black bears
  A sky beast (D:7)
  2 ice beasts
  4 ogres
  A bullfrog (D:8)
  A scorpion (D:4)
  A gnoll sergeant (D:5)
  Dowan (D:7)
  3 killer bees (D:7)
  3 howler monkeys (D:7)
  2 jellies
  3 hounds
  Crazy Yiuf (D:3)
  4 orc priests
  2 sleepcaps (D:5)
  Terence (D:2)
  4 iguanas
  Natasha (thrice) (D:3)
  11 gnolls
  4 adders
  A shadow imp (D:8)
  A white imp (D:5)
  A worm (D:2)
  A dart slug (D:4)
  18 orcs
  6 bats
  7 endoplasms
  2 giant cockroaches (D:4)
  4 goblins
  6 hobgoblins
  2 jackals (D:3)
  3 quokkas
  9 ball pythons
  8 frilled lizards
  3 kobolds
  3 rats
133 creatures vanquished.

Notes
Turn   | Place    | Note
-------+----------+-------------------------------------------
     0 | D:1      | floatRand the Draconian Shapeshifter began the quest for
                  | the Orb.
     0 | D:1      | Reached XP level 1. HP: 16/16 MP: 1/1
   427 | D:1      | Reached XP level 2. HP: 16/23 MP: 2/2
   968 | D:2      | Reached XP level 3. HP: 28/28 MP: 3/3
  1058 | D:2      | Identified the +0 leather armour "Aduqox" {rElec rF++ rC+}
  1377 | D:2      | Reached skill level 4 in Unarmed Combat
  1611 | D:2      | Noticed Terence
  1628 | D:2      | Killed Terence
  1962 | D:3      | Reached XP level 4. HP: 35/35 MP: 4/4
  2001 | D:3      | Noticed Natasha
  2012 | D:3      | Killed Natasha
  2145 | D:3      | Found Inewymisch's Antique Armour Shoppe.
  2260 | D:3      | Noticed Natasha
  2269 | D:3      | Killed Natasha
  2270 | D:3      | Reached skill level 5 in Unarmed Combat
  2284 | D:3      | Found a runed translucent door.
  2285 | D:3      | Noticed Crazy Yiuf
  2337 | D:3      | Reached XP level 5. HP: 40/40 MP: 5/5
  2349 | D:3      | Noticed Natasha
  2359 | D:3      | Killed Natasha
  2472 | D:3      | Noticed Sigmund
  2492 | D:3      | Killed Sigmund
  2493 | D:3      | Reached skill level 6 in Unarmed Combat
  2493 | D:3      | Reached XP level 6. HP: 36/47 MP: 6/6
  2967 | D:3      | Killed Crazy Yiuf
  3533 | D:4      | Your scales start taking on a pale cyan-grey colour.
  3533 | D:4      | Reached XP level 7. HP: 47/52 MP: 7/7
  3533 | D:4      | Gained mutation: You are immune to the effects of steam.
                  | [Pale Draconian growth]
  3565 | D:4      | Reached skill level 7 in Unarmed Combat
  3832 | D:5      | Entered Level 5 of the Dungeon
  3971 | D:5      | Reached skill level 5 in Shapeshifting
  4026 | D:5      | Noticed Edmund
  4040 | D:5      | Killed Edmund
  4181 | D:5      | Reached skill level 1 in Stealth
  4181 | D:5      | Reached skill level 8 in Unarmed Combat
  4181 | D:5      | Reached XP level 8. HP: 59/59 MP: 8/8
  5510 | D:6      | Found a staircase to the Ecumenical Temple.
  5592 | Temple   | Entered the Ecumenical Temple
  5633 | Temple   | Became a worshipper of the Wu Jian Council
  5708 | D:7      | Reached skill level 9 in Unarmed Combat
  5783 | D:7      | Reached XP level 9. HP: 50/64 MP: 9/9
  5874 | D:7      | Found Magh's Assorted Antiques.
  5899 | D:7      | Bought a scroll labelled ONICHYINOI for 30 gold pieces
  6056 | D:7      | Found a burning altar of Makhleb.
  6154 | D:7      | Noticed Duvessa
  6157 | D:7      | Noticed Dowan
  6160 | D:7      | Killed Dowan
  6163 | D:7      | Killed Duvessa
  6342 | D:7      | Found an iron altar of Okawaru.
  6345 | D:7      | Found a hide-covered altar of Uskayaw.
  6348 | D:7      | Found a shimmering altar of Xom.
  6557 | D:8      | Slain by an orc warrior

Illustrated notes

Levels and vault maps discovered:
D:1:      dpeg_arrival_rhombi, layout_basic
D:2:      layout_basic, dk_noncrumbling_4, grunt_ministairs_12,
          grunt_decor_resistance, minmay_misc_feat_square, uniq_terence
D:3:      layout_loops_ring, serial_shops, shop_fountains, uniq_natasha,
          uniq_crazy_yiuf_cottage, uniq_sigmund
D:4:      layout_loops_ring, hangedman_abyss_or_decor_passed, minivault_25
D:5:      layout_loops_cross, minmay_hedge_maze, uniq_edmund
D:6:      layout_rooms, temple_hall
D:7:      layout_gridville, grunt_temple_overflow_diamond, lemuel_tele_altar,
          serial_shops, shop, sigmund_army, uniq_duvessa
D:8:      layout_rooms, serial_shops, shop, enter_bailey_3,
          minmay_crystal_water, nicolae_lava_and_water
Temple:   mainiacjoe_temple_bowtie_tessellation

Skill      XL: |  1  2  3  4  5  6  7  8  9 |
---------------+----------------------------+-----
Unarmed Combat | 4 5 6 8 9 |  9.7
Shapeshifting  | 4 5 6 |  6.2
Dodging        | 2 3 4 |  4.1
Stealth        | 1 3 |  3.8
Fighting       | |  1.1

Action                     |  1- 3 |  4- 6 |  7- 9 || total
---------------------------+-------+-------+-------++-------
  Melee: Unarmed           |    88 |   123 |   164 ||   375
         Tailslap          |    11 |    14 |    28 ||    53
         Punch             |     2 |       |       ||     2
Ability: Breathe Steam     |       |       |    15 ||    15
         Lunge             |       |       |     5 ||     5
    Use: Potion            |       |     1 |       ||     1
         Scroll            |       |       |    15 ||    15
   Stab: Sleeping          |       |     2 |     1 ||     3
 Armour: Skin              |    14 |    28 |    33 ||    75
  Dodge: Dodged            |    55 |    46 |    80 ||   181
  Block: Buckler           |       |    20 |    40 ||    60

Table legend: (Time is in decaauts)
 A = Elapsed time spent in this place.
 B = Non-inter-level travel time spent in this place.
 C = Inter-level travel time spent in this place.
 D = Time resting spent in this place.
 E = Time spent auto-exploring this place.
 F = Levels seen in this place.
 G = Mean time per level.
                   A        B        C        D        E       F      G
               +--------+--------+--------+--------+--------+-----+--------+
         Total |   6540 |   6322 |    218 |    748 |   4254 |   9 |  726.7 |
       Dungeon |   6472 |   6281 |    191 |    748 |   4254 |   8 |  809.0 |
        Temple |     67 |     41 |     26 |      0 |      0 |   1 |   67.0 |
               +--------+--------+--------+--------+--------+-----+--------+

Top non-repeatable levels by time:
     D:3: 1167 daAuts
     D:5: 1042 daAuts
     D:2: 1001 daAuts
     D:1: 933 daAuts
     D:7: 810 daAuts
     D:6: 739 daAuts
     D:4: 731 daAuts
  Temple: 67 daAuts
     D:8: 46 daAuts
